 Dungeon Crawl Stone Soup version 0.23.0 (webtiles) character file.

Game seed: 16895551459427249150

59 Folque the Digger (level 3, -4/29 HPs)
             Began as a Draconian Earth Elementalist on Feb 8, 2019.
             Killed by nerve-wracking pain
             ... invoked by a shadow imp
              (14 damage)
             ... on level 2 of the Dungeon.
             The game lasted 00:03:32 (1192 turns).

Folque the Digger (Draconian Earth Elementalist)    Turns: 1192, Time: 00:03:33

Health: -4/29      AC:  7    Str: 10    XL:     3   Next: 78%
Magic:  5/7        EV: 12    Int: 16    God:
Gold:   89         SH:  0    Dex: 11    Spells: 6/7 levels left

rFire    . . .     SeeInvis .   j - +0 dagger (venom)
rCold    . . .     Gourm    .   (no shield)
rNeg     . . .     Faith    .   (armour unavailable)
rPois    .         Spirit   .   (helmet restricted)
rElec    .         Reflect  .   s - +0 cloak
rCorr    .         Harm     .   e - +0 pair of gloves
MR       .....                  (no boots)
Stlth    ++........             (no amulet)
HPRegen  0.09/turn              (no ring)
MPRegen  0.10/turn              (no ring)

@: no status effects
A: unfitting armour, cold-blooded, AC +5
a: no special abilities


You were on level 2 of the Dungeon.
You were not hungry.

You visited 1 branch of the dungeon, and saw 2 of its levels.

You collected 89 gold pieces.

Inventory:

Hand Weapons
 g - a +2 dagger of draining
 j - a +0 dagger of venom (weapon)
 m - a cursed -3 spear
Missiles
 b - 138 stones (quivered)
Armour
 e - a +0 pair of gloves (worn)
 s - a +0 cloak (worn)
Scrolls
 a - a scroll of blinking {unknown}
 h - 2 scrolls of identify {unknown}
 i - a scroll of noise {unknown}
 k - 2 scrolls of enchant armour {unknown}
 p - 2 scrolls of enchant weapon {unknown}
 q - a scroll of fog {unknown}
 r - a scroll of immolation {unknown}
 u - a scroll of amnesia {unknown}
Potions
 d - a potion of invisibility {unknown}
 f - 2 potions of cancellation {unknown}
 n - 2 potions of curing {unknown}
 o - a potion of flight {unknown}
 t - a potion of lignification {unknown}
Comestibles
 c - 5 rations
 l - 2 chunks of flesh


   Skills:
 - Level 2.0 Fighting
 - Level 1.7 Dodging
 - Level 1.7 Stealth
 * Level 2.9 Spellcasting
   Level 1.0 Transmutations
 + Level 3.5 Earth Magic


You had 6 spell levels left.
You knew the following spells:

 Your Spells              Type           Power        Failure   Level  Hunger
a - Sandblast             Erth           ##....       4%          1    #......

Your spell library contained the following spells:

 Spells                   Type           Power        Failure   Level  Hunger
 Passwall                 Tmut/Erth      #.......     11%         2    ##.....
 Stone Arrow              Conj/Erth      #.....       26%         3    ###....
 Petrify                  Tmut/Erth      #.......     58%         4    #####..
 Lee's Rapid Deconstruct  Erth           ##........   77%         5    ######.


Dungeon Overview and Level Annotations

Branches:
Dungeon (2/15)

Altars:
Vehumet


Innate Abilities, Weirdness & Mutations

Your plain brown scales are hard. (AC +5)
You cannot fit into any form of body armour.
You are cold-blooded and may be slowed by cold attacks.


Message History

The shadow imp is heavily wounded.
b - 139 stones
Casting: Sandblast (safe; 4% risk of failure)
Confirm with . or Enter, or press ? or * to list all spells.
Aiming: Sandblast (safe; 4% risk of failure)
Press: ? - help, Shift-Dir - straight line, f/p - shadow imp
Aim: a shadow imp (heavily wounded)
The blast of sand hits the shadow imp.
The shadow imp is almost dead.
b - 138 stones The shadow imp gestures at you.
Pain shoots through your body! The shadow imp gestures at you.
Pain shoots through your body!
You barely miss the shadow imp.
You tail-slap the shadow imp, but do no damage.
The shadow imp is almost dead.
The shadow imp gestures at you. Pain shoots through your body!
You die...

######## #......#
#......# .. #.....$# ...
#......#####...
#.....5........ #@......#
#.......# # #.......# #
#.......#
#.##############......###
...................[.....
#.#####.########...#.#.#.
#.# #.# #)..#.#.# #.# #.#
#...#.# #


You could see a shadow imp.

Vanquished Creatures
  A worm (D:2)
  4 dart slugs
  A leopard gecko (D:1)
  A ball python (D:1)
  A giant cockroach (D:1)
  4 goblins
  4 hobgoblins
  6 jackals (D:2)
  9 kobolds
  A quokka (D:2)
  7 bats
  3 frilled lizards
  3 rats (D:1)
45 creatures vanquished.

Notes
Turn   | Place    | Note
-------+----------+-------------------------------------------
     0 | D:1      | Folque the Draconian Earth Elementalist began the quest for
                  | the Orb.
     0 | D:1      | Reached XP level 1. HP: 14/14 MP: 3/3
    85 | D:1      | Reached skill level 1 in Fighting
   108 | D:1      | Reached XP level 2. HP: 22/23 MP: 5/5
   725 | D:1      | Reached XP level 3. HP: 29/29 MP: 6/6
   893 | D:2      | Found a radiant altar of Vehumet.
  1192 | D:2      | Killed from afar by a shadow imp

Skill      XL: |  1  2 |
---------------+-------+-----
Fighting       | 1 2 |  2.0
Dodging        | |  1.7
Stealth        | |  1.7
Spellcasting   | |  2.9
Transmutations | |  1.0
Earth Magic    | |  3.5

Action                   || total
-------------------------++-------
Melee: Dagger            ||    97
       Unarmed           ||     2
       Tailslap          ||     6
 Cast: Sandblast         ||    13
 Stab: Sleeping          ||     5
  Eat: Chunk             ||     1
Armor: Skin              ||    29
Dodge: Dodged            ||    63
